[ AOE2 MATCH · #495467745 ]
UnrankedCelts vs Koreans
Player's team · WIN
[ REPLAY ANALYSIS · EXTRACTED FROM THE RECORDED GAME ]
Feudal
8:51
Castle
20:17
Imperial
44:42
| APM avg | 68.7 |
| APM peak | 98 |
| eAPM avg | 30.7 |
| Villagers / military | 115 / 107 |
Focus
⚔️ 51.3% · 🌾 48.7%
Militia ×73 · Archer ×9 · Battering Ram ×6 · Mangonel ×5 · Scorpion ×4 · Skirmisher ×4
Feudal
9:19
Castle
20:47
Imperial
—
| APM avg | 71.9 |
| APM peak | 101 |
| eAPM avg | 30.4 |
| Villagers / military | 156 / 78 |
Focus
⚔️ 43.2% · 🌾 56.8%
Archer ×62 · Iron Pagoda ×9 · Skirmisher ×7
Match map
Initial resources + every placement click. Lines = walls · curves = elevation contours. ◆ gold · ⬟ stone · ● berries · ✦ relic · ◌ wall gap
Your base· ✓ Closed at 20:17 · 44t walls · no gate
EMPEROR VASILIY ALIBABAEVICH's base· Open — opponent sealed themselves in
Smoothed initial terrain · ◌ = detected wall gap · hover for details
Inputs per minute
— laptopGuru - - EMPEROR VASILIY ALIBABAEVICH
Build order — laptopGuru
First 150 of 363 actions detected
| 0:00 | Create | Villager (Male) |
| 0:00 | Create | Villager (Male) |
| 0:01 | Build | House |
| 0:02 | Build | House |
| 0:09 | Create | Villager (Male) |
| 0:12 | Create | Villager (Male) |
| 1:26 | Create | Villager (Male) |
| 1:45 | Build | Lumber Camp |
| 1:56 | Create | Villager (Male) |
| 2:14 | Create | Villager (Male) |
| 2:14 | Create | Villager (Male) |
| 2:44 | Create | Villager (Male) |
| 2:44 | Create | Villager (Male) |
| 3:16 | Create | Villager (Male) |
| 3:16 | Create | Villager (Male) |
| 3:18 | Create | Villager (Male) |
| 3:45 | Build | House |
| 3:47 | Create | Villager (Male) |
| 4:20 | Create | Villager (Male) |
| 4:51 | Create | Villager (Male) |
| 5:15 | Create | Villager (Male) |
| 5:15 | Create | Villager (Male) |
| 5:19 | Create | Villager (Male) |
| 5:31 | Build | Barracks |
| 5:37 | Create | Villager (Male) |
| 6:03 | Research | Loom |
| 6:09 | Build | House |
| 6:41 | Research | Feudal Age |
| 6:48 | Build | Mining Camp |
| 7:02 | Create | Militia |
| 7:02 | Create | Militia |
| 7:26 | Create | Militia |
| 7:26 | Create | Militia |
| 7:37 | Create | Villager (Male) |
| 7:46 | Create | Militia |
| 8:51 | Age | Feudal Age |
| 8:51 | Build | Archery Range |
| 8:52 | Research | Double-Bit Axe |
| 8:56 | Research | Man-at-Arms (upgrade) |
| 8:56 | Research | Man-at-Arms (upgrade) |
| 8:58 | Create | Villager (Male) |
| 9:33 | Build | Blacksmith |
| 9:39 | Create | Villager (Male) |
| 9:44 | Create | Archer |
| 9:44 | Create | Archer |
| 9:47 | Build | House |
| 9:59 | Create | Villager (Male) |
| 10:01 | Build | House |
| 10:22 | Build | Mill |
| 10:27 | Create | Archer |
| 10:38 | Build | House |
| 10:41 | Create | Villager (Male) |
| 11:10 | Research | Fletching |
| 11:17 | Build | Palisade Wall |
| 11:19 | Build | Palisade Wall |
| 11:21 | Build | Farm |
| 11:22 | Build | Farm |
| 11:35 | Create | Villager (Male) |
| 11:48 | Create | Archer |
| 11:53 | Build | Farm |
| 12:04 | Create | Archer |
| 12:16 | Create | Villager (Male) |
| 12:25 | Build | Farm |
| 12:26 | Build | Farm |
| 12:43 | Create | Archer |
| 12:44 | Create | Villager (Male) |
| 12:46 | Create | Skirmisher |
| 12:55 | Build | Palisade Wall |
| 13:11 | Create | Archer |
| 13:20 | Create | Skirmisher |
| 13:21 | Create | Villager (Male) |
| 13:23 | Build | House |
| 13:23 | Create | Villager (Male) |
| 13:44 | Create | Villager (Male) |
| 13:48 | Research | Padded Archer Armor |
| 13:53 | Build | House |
| 13:54 | Build | Palisade Wall |
| 13:55 | Build | Palisade Wall |
| 14:01 | Build | Farm |
| 14:01 | Build | Farm |
| 14:09 | Create | Villager (Male) |
| 14:22 | Build | Farm |
| 14:25 | Create | Villager (Male) |
| 14:29 | Build | Palisade Wall |
| 14:34 | Create | Archer |
| 14:46 | Build | Palisade Wall |
| 14:54 | Create | Skirmisher |
| 15:17 | Create | Archer |
| 15:18 | Create | Villager (Male) |
| 15:19 | Build | Farm |
| 15:20 | Build | Farm |
| 15:33 | Build | Palisade Wall |
| 15:34 | Create | Villager (Male) |
| 15:40 | Create | Skirmisher |
| 15:46 | Build | Farm |
| 16:03 | Create | Villager (Male) |
| 16:32 | Create | Villager (Male) |
| 16:35 | Build | Market |
| 16:38 | Build | Palisade Wall |
| 16:56 | Create | Villager (Male) |
| 17:01 | Build | Farm |
| 17:37 | Research | Castle Age |
| 17:37 | Research | Castle Age |
| 17:48 | Build | Farm |
| 18:12 | Create | Militia |
| 18:17 | Build | Barracks |
| 18:32 | Research | Scale Mail Armor |
| 18:35 | Create | Militia |
| 18:35 | Create | Militia |
| 18:55 | Build | Farm |
| 18:56 | Build | Farm |
| 19:12 | Create | Militia |
| 19:20 | Create | Militia |
| 19:21 | Create | Militia |
| 19:31 | Create | Villager (Male) |
| 19:33 | Research | Horse Collar |
| 19:52 | Create | Militia |
| 20:17 | Age | Castle Age |
| 20:21 | Research | Gambesons |
| 20:21 | Research | Gambesons |
| 20:23 | Create | Villager (Male) |
| 20:31 | Research | Long Swordsman (upgrade) |
| 20:31 | Research | Long Swordsman (upgrade) |
| 20:41 | Build | Siege Workshop |
| 20:41 | Create | Villager (Male) |
| 20:43 | Create | Militia |
| 20:50 | Build | Farm |
| 20:54 | Build | Farm |
| 20:56 | Create | Militia |
| 21:14 | Build | Farm |
| 21:18 | Build | Palisade Gate |
| 21:22 | Create | Militia |
| 21:22 | Create | Militia |
| 21:30 | Build | House |
| 21:38 | Build | House |
| 21:50 | Create | Villager (Male) |
| 21:52 | Create | Militia |
| 22:07 | Create | Militia |
| 22:23 | Create | Mangonel |
| 22:24 | Create | Militia |
| 22:24 | Create | Villager (Male) |
| 22:34 | Create | Villager (Male) |
| 22:49 | Create | Villager (Male) |
| 22:57 | Build | Farm |
| 22:58 | Create | Villager (Male) |
| 23:14 | Create | Mangonel |
| 23:16 | Create | Militia |
| 23:16 | Create | Militia |
| 23:18 | Build | Farm |
| 23:32 | Create | Villager (Male) |
Build order — EMPEROR VASILIY ALIBABAEVICH
First 150 of 382 actions detected
| 0:03 | Create | Villager (Male) |
| 0:03 | Create | Villager (Male) |
| 0:04 | Create | Villager (Male) |
| 0:04 | Create | Villager (Male) |
| 0:05 | Build | House |
| 0:06 | Build | House |
| 1:29 | Create | Villager (Male) |
| 1:29 | Create | Villager (Male) |
| 1:54 | Build | Lumber Camp |
| 1:57 | Create | Villager (Male) |
| 1:57 | Create | Villager (Male) |
| 2:22 | Create | Villager (Male) |
| 2:54 | Create | Villager (Male) |
| 3:21 | Create | Villager (Male) |
| 3:45 | Create | Villager (Male) |
| 4:02 | Create | Villager (Male) |
| 4:03 | Create | Villager (Male) |
| 4:05 | Build | House |
| 4:14 | Create | Villager (Male) |
| 4:14 | Create | Villager (Male) |
| 4:36 | Build | Mill |
| 4:59 | Create | Villager (Male) |
| 5:17 | Create | Villager (Male) |
| 5:17 | Create | Villager (Male) |
| 5:40 | Create | Villager (Male) |
| 5:52 | Create | Villager (Male) |
| 6:40 | Research | Loom |
| 7:09 | Research | Feudal Age |
| 7:21 | Build | Barracks |
| 7:34 | Build | Palisade Wall |
| 7:35 | Build | Palisade Wall |
| 7:35 | Build | Palisade Wall |
| 7:43 | Build | Mining Camp |
| 8:08 | Build | Palisade Wall |
| 8:09 | Build | Palisade Wall |
| 8:10 | Build | Palisade Wall |
| 8:11 | Build | Palisade Wall |
| 8:13 | Build | Palisade Wall |
| 8:16 | Create | Villager (Male) |
| 8:21 | Build | Palisade Wall |
| 8:31 | Build | House |
| 8:37 | Build | Palisade Wall |
| 8:38 | Build | Palisade Wall |
| 8:40 | Build | Palisade Wall |
| 8:41 | Build | Palisade Wall |
| 8:47 | Build | House |
| 9:19 | Age | Feudal Age |
| 9:22 | Build | Archery Range |
| 9:27 | Create | Villager (Male) |
| 9:46 | Research | Double-Bit Axe |
| 9:56 | Build | Palisade Wall |
| 10:04 | Create | Villager (Male) |
| 10:07 | Create | Archer |
| 10:15 | Build | House |
| 10:18 | Create | Villager (Male) |
| 10:23 | Create | Archer |
| 10:25 | Create | Villager (Male) |
| 10:37 | Build | Farm |
| 10:39 | Build | Farm |
| 10:58 | Create | Archer |
| 11:14 | Create | Villager (Male) |
| 11:20 | Create | Archer |
| 11:31 | Create | Villager (Male) |
| 11:43 | Create | Villager (Male) |
| 11:44 | Build | Blacksmith |
| 12:00 | Create | Archer |
| 12:15 | Research | Fletching |
| 12:20 | Create | Villager (Male) |
| 12:23 | Build | Farm |
| 12:24 | Build | Farm |
| 12:29 | Create | Villager (Male) |
| 12:37 | Create | Archer |
| 12:46 | Build | Farm |
| 12:47 | Create | Villager (Male) |
| 12:55 | Build | Farm |
| 12:58 | Create | Villager (Male) |
| 13:15 | Create | Villager (Male) |
| 13:43 | Create | Archer |
| 13:53 | Build | Farm |
| 13:55 | Build | Farm |
| 13:56 | Build | Farm |
| 13:56 | Build | Farm |
| 13:58 | Build | Farm |
| 14:01 | Create | Villager (Male) |
| 14:03 | Build | House |
| 14:04 | Create | Archer |
| 14:14 | Build | Farm |
| 14:22 | Create | Villager (Male) |
| 14:25 | Build | House |
| 14:26 | Build | House |
| 14:33 | Create | Villager (Male) |
| 14:34 | Build | Farm |
| 14:47 | Create | Villager (Male) |
| 14:51 | Create | Villager (Male) |
| 14:55 | Create | Archer |
| 14:59 | Create | Skirmisher |
| 15:31 | Build | Farm |
| 15:37 | Create | Skirmisher |
| 15:45 | Create | Villager (Male) |
| 15:47 | Create | Villager (Male) |
| 15:51 | Create | Villager (Male) |
| 15:56 | Create | Skirmisher |
| 16:02 | Build | Lumber Camp |
| 16:12 | Create | Villager (Male) |
| 16:26 | Create | Skirmisher |
| 16:39 | Create | Villager (Male) |
| 16:47 | Create | Villager (Male) |
| 16:58 | Create | Villager (Male) |
| 17:03 | Build | Farm |
| 17:11 | Create | Villager (Male) |
| 17:19 | Create | Villager (Male) |
| 17:22 | Create | Villager (Male) |
| 17:30 | Create | Villager (Male) |
| 17:49 | Build | Archery Range |
| 18:07 | Research | Castle Age |
| 18:18 | Build | Palisade Gate |
| 18:33 | Build | Lumber Camp |
| 18:38 | Create | Skirmisher |
| 18:58 | Create | Archer |
| 19:23 | Create | Archer |
| 19:46 | Create | Archer |
| 19:46 | Create | Archer |
| 20:00 | Create | Villager (Male) |
| 20:01 | Create | Skirmisher |
| 20:01 | Create | Skirmisher |
| 20:10 | Build | House |
| 20:12 | Build | House |
| 20:30 | Create | Archer |
| 20:31 | Create | Archer |
| 20:39 | Build | House |
| 20:47 | Age | Castle Age |
| 20:50 | Build | Town Center |
| 20:59 | Create | Villager (Male) |
| 21:04 | Research | Bodkin Arrow |
| 21:11 | Create | Villager (Male) |
| 21:13 | Build | Siege Workshop |
| 21:19 | Create | Villager (Male) |
| 21:26 | Research | Crossbowman (upgrade) |
| 21:32 | Build | Market |
| 21:37 | Create | Villager (Male) |
| 21:39 | Research | Bow Saw |
| 21:40 | Research | Bow Saw |
| 21:43 | Research | Wheelbarrow |
| 21:44 | Create | Archer |
| 22:05 | Create | Iron Pagoda |
| 22:05 | Create | Iron Pagoda |
| 22:07 | Create | Villager (Male) |
| 22:14 | Create | Villager (Male) |
| 22:17 | Build | Mining Camp |
| 22:35 | Create | Villager (Male) |
Match timeline
| 5:31 | laptopGuru · first_building Barracks |
| 7:21 | EMPEROR VASILIY ALIBABAEVICH · first_building Barracks |
| 7:34 | EMPEROR VASILIY ALIBABAEVICH · wall_segment Palisade Wall x1 |
| 7:35 | EMPEROR VASILIY ALIBABAEVICH · wall_segment Palisade Wall x1 |
| 7:35 | EMPEROR VASILIY ALIBABAEVICH · wall_segment Palisade Wall x1 |
| 8:08 | EMPEROR VASILIY ALIBABAEVICH · wall_segment Palisade Wall x1 |
| 8:09 | EMPEROR VASILIY ALIBABAEVICH · wall_segment Palisade Wall x1 |
| 8:10 | EMPEROR VASILIY ALIBABAEVICH · wall_segment Palisade Wall x1 |
| 8:11 | EMPEROR VASILIY ALIBABAEVICH · wall_segment Palisade Wall x1 |
| 8:13 | EMPEROR VASILIY ALIBABAEVICH · wall_segment Palisade Wall x5 |
| 8:21 | EMPEROR VASILIY ALIBABAEVICH · wall_segment Palisade Wall x5 |
| 8:37 | EMPEROR VASILIY ALIBABAEVICH · wall_segment Palisade Wall x1 |
| 8:38 | EMPEROR VASILIY ALIBABAEVICH · wall_segment Palisade Wall x1 |
| 8:40 | EMPEROR VASILIY ALIBABAEVICH · wall_segment Palisade Wall x1 |
| 8:41 | EMPEROR VASILIY ALIBABAEVICH · wall_segment Palisade Wall x1 |
| 8:51 | laptopGuru · age_up feudal |
| 8:51 | laptopGuru · first_building Archery Range |
| 9:19 | EMPEROR VASILIY ALIBABAEVICH · age_up feudal |
| 9:22 | EMPEROR VASILIY ALIBABAEVICH · first_building Archery Range |
| 9:56 | EMPEROR VASILIY ALIBABAEVICH · wall_segment Palisade Wall x1 |
| 11:17 | laptopGuru · wall_segment Palisade Wall x1 |
| 11:19 | laptopGuru · wall_segment Palisade Wall x7 |
| 12:55 | laptopGuru · wall_segment Palisade Wall x1 |
| 13:54 | laptopGuru · wall_segment Palisade Wall x1 |
| 13:55 | laptopGuru · wall_segment Palisade Wall x6 |
| 14:29 | laptopGuru · wall_segment Palisade Wall x9 |
| 14:46 | laptopGuru · wall_segment Palisade Wall x5 |
| 15:33 | laptopGuru · wall_segment Palisade Wall x7 |
| 16:38 | laptopGuru · wall_segment Palisade Wall x7 |
| 17:28 | laptopGuru · first_market_sell 100 stone |
| 17:29 | laptopGuru · first_market_buy 100 food |
| 20:17 | laptopGuru · age_up castle |
| 20:41 | laptopGuru · first_building Siege Workshop |
| 20:47 | EMPEROR VASILIY ALIBABAEVICH · age_up castle |
| 21:13 | EMPEROR VASILIY ALIBABAEVICH · first_building Siege Workshop |
| 23:45 | EMPEROR VASILIY ALIBABAEVICH · first_market_buy 100 wood |
| 28:08 | EMPEROR VASILIY ALIBABAEVICH · first_market_sell 100 wood |
| 28:14 | laptopGuru · first_building Monastery |
| 42:25 | laptopGuru · first_building Castle |
| 43:54 | EMPEROR VASILIY ALIBABAEVICH · first_building Castle |
| 44:42 | laptopGuru · age_up imperial |
| 44:50 | EMPEROR VASILIY ALIBABAEVICH · resign |
[ AI ANALYSIS · 1 CREDIT ]
What really happened in this match?
Wolo.gg analyzes every decision: build order, eco, micro, common mistakes by bracket. Personalized analysis on WhatsApp or Discord in 30 seconds.
Civ guide
Celts
Perfil
Jugador #20830378